AoeStats
← CptNonceFinder

Arabia

510574889Analyzed
4v4 RM · 8h ago on Oct 1, 2026· 35m 26s· 8 players
Game mode
Random Map
Map size
Large (8 player)
Population
200
Speed
Normal
Resources
Standard
Victory
Conquest
Starting age
Dark Age
Ending age
Imperial Age
RankedLock teamsTeams togetherTeam positionsShared explorationLock speedFull tech treeHidden civsTurbo modeCheats
Victory
Defeat
🇦🇷 Magyars · Argentina
987
+10
🇨🇳 Turks · China
901
+14
🇷🇺 Malay · Russia
885
+14
🇮🇹 Italians · Italy
865
+15
🇬🇧 Mongols · United Kingdom
936
-47
🇬🇧 Vietnamese · United Kingdom
832
-29
🇬🇧 Burgundians · United Kingdom
825
-22
🇬🇧 Burmese · United Kingdom
825
-22
professor
0:31 Loom
13:58 Feudal Age
15:20 Wheelbarrow
14:37 Double-Bit Axe
14:46 Gold Mining
18:27 Castle Age
16:28 Horse Collar
19:29 Bow Saw
20:42 Heavy Plow
28:55 Town Watch
29:35 Hand Cart
29:15 Pikeman
33:49 Imperial Age
32:07 Squires
31:52 Arson
33:51 Forging
33:42 Scale Mail Armor
Julianm93
1:49 Loom
11:03 Feudal Age
12:07 Horse Collar
12:42 Double-Bit Axe
19:17 Castle Age
21:26 Bloodlines
23:21 Fletching
28:33 Padded Archer Armor
29:43 Wheelbarrow
32:16 Ballistics
32:03 Pikeman
33:34 Murder Holes
33:37 Bodkin Arrow
gongyi528
Etheling
0:58 Loom
12:43 Feudal Age
13:10 Double-Bit Axe
14:09 Horse Collar
14:22 Gold Mining
19:13 Wheelbarrow
24:26 Castle Age
22:27 Fletching
22:37 Arson
23:11 Padded Archer Armor
24:21 Thumb Ring
23:56 Crossbowman
25:10 Squires
26:39 Bodkin Arrow
27:27 Leather Archer Armor
27:18 Heavy Plow
28:27 Ballistics
28:10 Stone Mining
29:51 Bow Saw
33:07 Gold Shaft Mining
33:28 Masonry
35:00 Hand Cart
Crumb-Bum
10:40 Feudal Age
17:20 Bloodlines
19:58 Forging
25:29 Castle Age
28:33 Husbandry
31:30 Gold Mining
CptNonceFinder
6:49 Loom
9:57 Feudal Age
10:51 Double-Bit Axe
14:47 Wheelbarrow
17:17 Fletching
17:30 Padded Archer Armor
18:34 Gold Mining
20:34 Horse Collar
23:32 Castle Age
23:49 Crossbowman
23:50 Elite Skirmisher
28:12 Stone Mining
33:29 Thumb Ring
34:42 Hand Cart
John Hurtin
5:47 Loom
10:08 Feudal Age
11:24 Wheelbarrow
10:35 Horse Collar
15:02 Forging
14:53 Scale Mail Armor
14:38 Man-at-Arms
15:43 Arson
27:59 Castle Age
26:17 Gold Mining
29:30 Hand Cart
28:47 Long Swordsman
29:12 Gambesons
29:27 Squires
29:07 Pikeman
31:47 Heavy Plow
34:06 Manipur Cavalry
38:21 Imperial Age
perpetualsigh
3:43 Double-Bit Axe
5:17 Loom
7:37 Wheelbarrow
10:08 Feudal Age
11:26 Bow Saw
12:39 Horse Collar
13:48 Heavy Plow
21:01 Castle Age
21:19 Cavalier
22:00 Husbandry
22:38 Scale Barding Armor
22:44 Forging
25:45 Chain Barding Armor
25:54 Hand Cart
27:16 Two-Man Saw
28:48 Fervor
35:55 Imperial Age
36:05 Imperial Age
33:51 Hand Cart
34:52 Crop Rotation
34:19 Gold Mining
Connection lost

Rejoining the realm…

Still unreachable

The connection could not be restored.

Session expired

The server has moved on; the page needs a fresh start.